 Dungeon Crawl Stone Soup version 0.23.1 (webtiles) character file.

Game seed: 18120568617900525

138 Chiseanne the Chopper (level 5, -1/47 HPs)
             Began as a Minotaur Monk on Mar 5, 2019.
             Slain by an orc priest
             ... wielding a +0 mace
              (8 damage)
             ... on level 3 of the Dungeon.
             The game lasted 00:02:53 (1997 turns).

Chiseanne the Chopper (Minotaur Monk)               Turns: 1997, Time: 00:02:54

Health: -1/47      AC:  5    Str: 15    XL:     5   Next: 1%
Magic:  4/4        EV: 14    Int:  7    God:
Gold:   131        SH:  0    Dex: 14    Spells: 4/4 levels left

rFire    . . .     SeeInvis .   a - +0 hand axe
rCold    . . .     Gourm    .   (no shield)
rNeg     . . .     Faith    .   i - +0 leather armour
rPois    .         Spirit   .   q - +2 hat
rElec    .         Reflect  .   (no cloak)
rCorr    .         Harm     .   (no gloves)
MR       +....                  (no boots)
Stlth    ++........             (no amulet)
HPRegen  0.15/turn              b - ring of protection from magic
MPRegen  0.09/turn              (no ring)

@: no status effects
A: retaliatory headbutt, horns 2
a: no special abilities


You were on level 3 of the Dungeon.
You were not hungry.

You visited 1 branch of the dungeon, and saw 3 of its levels.

You collected 131 gold pieces.

Inventory:

Hand Weapons
 a - a +0 hand axe (weapon)
Missiles
 h - 136 stones (quivered)
 k - 83 arrows
 r - 3 javelins
 t - 5 tomahawks of dispersal
 y - 14 bolts
 A - 2 poisoned needles
Armour
 i - a +0 leather armour (worn)
 q - a +2 hat (worn)
Jewellery
 b - a ring of protection from magic (left hand)
Wands
 w - a wand of acid (3)
Scrolls
 d - 2 scrolls of random uselessness {unknown}
 e - 3 scrolls of enchant armour {unknown}
 f - a scroll of enchant weapon {unknown}
 n - 4 scrolls of teleportation {unknown}
 u - a scroll of remove curse {unknown}
 z - 3 scrolls of identify {unknown}
Potions
 g - a potion of lignification {unknown}
 j - a potion of magic {unknown}
 l - a potion of flight {unknown}
 m - a potion of brilliance {unknown}
 o - a potion of curing {unknown}
 s - a potion of mutation {unknown}
 v - a potion of haste {unknown}
 x - a potion of degeneration {unknown}
 B - a potion of heal wounds {unknown}
Comestibles
 c - 8 rations
 p - 5 chunks of flesh


   Skills:
 * Level 4.9 Fighting
 * Level 5.0 Axes
 * Level 4.5 Dodging
 - Level 1.5 Stealth


You had 4 spell levels left.
You didn't know any spells.
Your spell library was empty.

Dungeon Overview and Level Annotations

Branches:
Dungeon (3/15)

Altars:
Sif Muna


Innate Abilities, Weirdness & Mutations

You reflexively headbutt those who attack you in melee.
You have a pair of horns on your head.


Message History

You hit the orc.
The orc priest mumbles some strange prayers to Beogh against you.
Pain shoots through your body!
* * * LOW HITPOINT WARNING * * *
The orc barely misses you.
You barely miss the orc priest.
The orc priest is heavily wounded.
You hit the orc.
You kill the orc!
You have reached level 5!
The orc priest misses you.
You hit the orc priest. Your headbutt misses the orc priest.
The orc priest is heavily wounded.
The orc priest misses you. You furiously retaliate!
You headbutt the orc priest.
You hit the orc priest but do no damage.
You headbutt the orc priest.
The orc priest is almost dead.
The orc priest hits you with a +0 mace!
You die...

######..##...#
#........'...#
#....#####...#
#....# ..#
#....# .#
#....# #
#(...#
...#####)...#
...'..[@o...#
...######...#
....'..
#....###
.....# ######
##### #....
#.... #....


You could see an orc priest.

Vanquished Creatures
  An orc priest (D:3)
  A worker ant (D:3)
  2 adders
  3 dart slugs
  8 orcs (D:3)
  5 bats (D:3)
  2 giant cockroaches (D:2)
  7 goblins
  7 hobgoblins
  A quokka (D:2)
  3 frilled lizards (D:2)
  7 kobolds
  7 rats
54 creatures vanquished.

Notes
Turn   | Place    | Note
-------+----------+-------------------------------------------
     0 | D:1      | Chiseanne the Minotaur Monk began the quest for the Orb.
     0 | D:1      | Reached XP level 1. HP: 19/19 MP: 0/0
   155 | D:1      | Reached XP level 2. HP: 7/27 MP: 1/1
   513 | D:1      | Reached skill level 4 in Axes
   969 | D:2      | Reached XP level 3. HP: 24/33 MP: 2/2
  1151 | D:2      | Found a deep blue altar of Sif Muna.
  1824 | D:3      | Reached XP level 4. HP: 28/41 MP: 3/3
  1949 | D:3      | Reached skill level 5 in Axes
  1995 | D:3      | Reached XP level 5. HP: 6/47 MP: 4/4
  1997 | D:3      | Slain by an orc priest

Skill      XL: |  1  2  3  4 |
---------------+-------------+-----
Axes           | 4 5 |  5.0
Fighting       | 4 |  4.9
Dodging        | 4 |  4.5
Stealth        | |  1.5

Action                   |  1- 3 |  4- 6 || total
-------------------------+-------+-------++-------
Melee: Hand axe          |    75 |    27 ||   102
       Headbutt          |    14 |     7 ||    21
  Use: Scroll            |     1 |       ||     1
 Stab: Sleeping          |     4 |       ||     4
  Eat: Chunk             |     3 |       ||     3
Armor: Leather armour    |    20 |     4 ||    24
       Robe              |     1 |       ||     1
Dodge: Dodged            |    51 |    18 ||    69
